 Dungeon Crawl Stone Soup version 0.25.0-3-gd7cc5688da (webtiles) character file.

Game seed: 9222794451625891626

155 HungrySpirit the Chopper (level 4, 1/37 HPs)
             Began as a Demigod Warper on June 15, 2020.
             Quit the game on level 3 of the Dungeon.
             The game lasted 00:04:04 (3330 turns).

HungrySpirit the Chopper (Demigod Warper)           Turns: 3330, Time: 00:04:04

Health: 1/37       AC: 11    Str: 16    XL:     4   Next: 90%
Magic:  9/9        EV:  5    Int: 17    God:
Gold:   143        SH:  0    Dex: 15    Spells: 6/6 levels left

rFire    . . .     SeeInvis .   a - +0 hand axe
rCold    . . .     Gourm    .   (no shield)
rNeg     . . .     Faith    .   c - +0 plate armour
rPois    .         Spirit   .   (no helmet)
rElec    .         Reflect  .   (no cloak)
rCorr    .         Harm     .   (no gloves)
MR       .....                  (no boots)
Stlth    ..........             (no amulet)
HPRegen  0.12/turn              (no ring)
MPRegen  0.11/turn              (no ring)

@: lethally poisoned (1 -> -6)
A: high mp 1
a: no special abilities


You were on level 3 of the Dungeon.
You were not hungry.

You visited 1 branch of the dungeon, and saw 3 of its levels.

You collected 143 gold pieces.

Inventory:

Hand Weapons
 a - a +0 hand axe (weapon)
Missiles
 e - 5 boomerangs of dispersal
 i - 6 poisoned darts (quivered)
 q - 2 javelins
Armour
 c - a +0 plate armour (worn)
Scrolls
 d - 2 scrolls of blinking
 g - a scroll of teleportation {unknown}
 h - 2 scrolls of enchant armour {unknown}
 j - a scroll of identify {unknown}
 k - a scroll of fog {unknown}
 m - a scroll of immolation {unknown}
 n - 2 scrolls of fear {unknown}
 o - a scroll of remove curse {unknown}
Potions
 b - a potion of brilliance {unknown}
 l - a potion of might {unknown}
Comestibles
 f - 4 rations
 p - a chunk of flesh


   Skills:
 + Level 2.8 Fighting
 * Level 3.7 Axes
 - Level 0.8 Throwing
 + Level 2.2 Armour
 - Level 1.7 Dodging
 - Level 1.7 Spellcasting
   Level 2.6 Translocations


You had 6 spell levels left.
You didn't know any spells.
Your spell library contained the following spells:

 Spells                   Type           Power        Failure   Level  Hunger
 Blink                    Tloc           N/A          100%        2    ###....
 Shroud of Golubria       Chrm/Tloc      #.....       100%        2    ###....
 Gell's Gravitas          Tloc           ##........   100%        3    ###....
 Lesser Beckoning         Tloc           ##........   100%        3    ###....
 Teleport Other           Tloc           ##......     100%        3    ###....
 Passage of Golubria      Tloc           N/A          100%        4    #####..


Dungeon Overview and Level Annotations

Branches:
Dungeon (3/15)


Innate Abilities, Weirdness & Mutations

You have an increased reservoir of magic. (+10% MP)


Message History

The ogre hits you with a cursed -2 giant club.
* * * LOW HITPOINT WARNING * * *
The ogre looks more healthy.
You see here a +0 dagger.
You see here a poisoned dart.
An adder comes into view.
The adder hisses angrily.
The adder bites you but does no damage.
Throwing (i - inventory. (/) - cycle)
i - 7 poisoned darts (quivered)
Press: ? - help, Shift-Dir - straight line, f/p - ogre
Aim: an ogre, wielding a -2 giant club (severely wounded)
You throw a poisoned dart. The poisoned dart hits the adder.
The adder is poisoned.
The adder bites you.
* * * LOW HITPOINT WARNING * * *
You are poisoned.
The adder poisons you! The adder bites you.
* * * LOW HITPOINT WARNING * * *
You are more poisoned.
The adder poisons you!
Are you sure you want to abandon this character and quit the game? (Confirm with "yes".)

#o# #.### #...#
###.##
..#####o(.###.#
........#.....#
....###>Oo#####
## ##S## #@# .
#.# ....####.#
#..((...#
...(.##### (..
.


You could see an ogre, an adder (poisoned) and 2 orcs.

Vanquished Creatures
  A hound (D:3)
  Natasha (D:2)
  4 adders
  An ooze (D:2)
  2 worms (D:2)
  2 dart slugs
  3 leopard geckos
  A giant cockroach (D:1)
  6 goblins
  6 hobgoblins
  2 jackals (D:1)
  4 kobolds
  9 bats
  2 frilled lizards
  3 rats
47 creatures vanquished.

Notes
Turn   | Place    | Note
-------+----------+-------------------------------------------
     0 | D:1      | HungrySpirit the Demigod Warper began the quest for the
                  | Orb.
     0 | D:1      | Reached XP level 1. HP: 17/17 MP: 5/5
    75 | D:1      | Reached skill level 2 in Axes
    75 | D:1      | Reached skill level 1 in Armour
   491 | D:1      | Reached XP level 2. HP: 24/24 MP: 7/7
  1383 | D:2      | Reached XP level 3. HP: 8/29 MP: 8/8
  1390 | D:2      | HP: 1/29 [poisoned by an adder]
  1494 | D:2      | Noticed Natasha
  1505 | D:2      | Killed Natasha
  1505 | D:2      | Reached skill level 3 in Axes
  2122 | D:2      | Reached XP level 4. HP: 34/37 MP: 9/9
  3256 | D:3      | Noticed an ogre
  3329 | D:3      | HP: 1/37 [adder (4)]
  3330 | D:3      | Quit the game

Illustrated notes

Levels and vault maps discovered:
D:1:      dpeg_arrival_water_temple_mockup, layout_rooms, dk_noncrumbling_4
D:2:      layout_loops_ring, first_ration, uniq_natasha
D:3:      layout_loops_ring, evilmike_ruin_ashenzari,
          chequers_ecumenical_altar_island, uniq_grinder, uniq_ijyb

Skill      XL: |  1  2  3  4 |
---------------+-------------+-----
Axes           | 2 3 |  3.7
Armour         | 1 2 |  2.2
Fighting       | 2 |  2.8
Throwing       | |  0.8
Dodging        | |  1.7
Spellcasting   | |  1.7
Translocations | |  2.6

Action                   |  1- 3 |  4- 6 || total
-------------------------+-------+-------++-------
Melee: Hand axe          |   113 |    55 ||   168
Throw: Dart              |    20 |    26 ||    46
  Use: Potion            |     3 |     2 ||     5
 Stab: Sleeping          |     2 |       ||     2
  Eat: Chunk             |     4 |     1 ||     5
       Ration            |       |     1 ||     1
Armor: Leather armour    |    32 |    11 ||    43
       Plate armour      |       |    12 ||    12
Dodge: Dodged            |    91 |    28 ||   119
